 Dungeon Crawl Stone Soup version 0.24.0-13-gcf9b3192b9 (webtiles) character file.

Game seed: 7543389306145208363, levelgen mode: deterministic

5776 sking99 the Cleaver (level 10, 0/95 HPs)
             Began as a Hill Orc Monk on Nov 9, 2019.
             Was a Believer of Qazlal.
             Slain by an orc knight
             ... wielding a +0 battleaxe
              (14 damage)
             ... in a bailey.
             The game lasted 00:21:54 (12189 turns).

sking99 the Cleaver (Hill Orc Monk)                Turns: 12189, Time: 00:21:54

Health: 0/95       AC: 13    Str: 18    XL:     10   Next: 78%
Magic:  11/16      EV:  6    Int: 10    God:    Qazlal [**....]
Gold:   484        SH:  3    Dex: 13    Spells: 9/9 levels left

rFire    . . .     SeeInvis .   y - +0 war axe
rCold    . . .     Gourm    .   (no shield)
rNeg     . . .     Faith    .   q - +1 plate armour
rPois    .         Spirit   .   u - +0 helmet
rElec    .         Reflect  .   (no cloak)
rCorr    .         Harm     .   (no gloves)
MR       .....                  a - +0 pair of boots
Stlth    ..........             (no amulet)
HPRegen  0.25/turn              (no ring)
MPRegen  0.15/turn              (no ring)

@: no status effects
A: no striking features
a: Upheaval, Renounce Religion


You were in a bailey.
You worshipped Qazlal.
Qazlal was pleased with you.
You were very hungry.

You visited 2 branches of the dungeon, and saw 10 of its levels.
You also visited: Bailey.

You collected 484 gold pieces.

Inventory:

Hand Weapons
 y - a +0 war axe (weapon)
Armour
 a - a +0 pair of boots (worn)
 q - a +1 plate armour (worn)
 u - a +0 helmet (worn)
Jewellery
 A - an uncursed amulet of harm
Wands
 p - a wand of iceblast (24)
 r - a wand of random effects (42)
 B - a wand of polymorph (4)
 C - a wand of scattershot (5)
Scrolls
 b - 3 scrolls of remove curse
 f - 4 scrolls of teleportation
 g - 2 scrolls of fog
 i - a scroll of magic mapping
 k - 2 scrolls of amnesia
 m - a scroll of enchant armour
 o - a scroll of identify
 s - 2 scrolls of enchant weapon
 v - a scroll of blinking
 w - 2 scrolls of immolation
 z - a scroll of noise
Potions
 d - a potion of flight
 e - a potion of brilliance
 h - a potion of lignification
 j - 2 potions of ambrosia
 l - 3 potions of curing
 n - a potion of resistance
 t - 2 potions of degeneration
 x - a potion of haste
Comestibles
 c - 20 rations


   Skills:
 + Level 11.0 Fighting
 + Level 14.6 Axes
 - Level 2.4 Dodging
 - Level 1.5 Stealth
 + Level 8.6 Invocations


You had 9 spell levels left.
You didn't know any spells.
Your spell library contained the following spells:

 Spells                   Type           Power        Failure   Level  Hunger
 Beastly Appendage        Tmut           #.....       100%        1    ##.....
 Corona                   Hex            #......      100%        1    ##.....
 Ensorcelled Hibernation  Hex/Ice        #.....       100%        2    ###....
 Sticks to Snakes         Tmut           #.......     100%        2    ###....
 Confuse                  Hex            #.......     100%        3    ####...
 Dazzling Spray           Conj/Hex       #.....       100%        3    ####...
 Spider Form              Tmut/Pois      #.........   100%        3    ####...
 Tukima's Dance           Hex            #.......     100%        3    ####...
 Ice Form                 Ice/Tmut       #.......     100%        4    #####..
 Blade Hands              Tmut           #.........   100%        5    ######.


Dungeon Overview and Level Annotations

Branches:
Dungeon (9/15)             Temple (1/1) D:5             Orc (0/2) D:9
 Bailey (1/1)
   Lair: D:8-11

Altars:
Ashenzari
Cheibriados
Dithmenos
Fedhas
Gozag
Hepliaklqana
Kikubaaqudgha
Makhleb
Nemelex Xobeh
Okawaru
Qazlal
Ru
Sif Muna
Trog
Uskayaw
Vehumet
Wu Jian
Xom
Yredelemnul
Zin
The Shining One

Shops:
D:8 }

Annotations:
D:4 1 exclusion
D:7 2 transporters, EnegeticOcto's ghost, novice GnAE; Grum


Message History

The orc knight is heavily wounded.
The orc knight hits you with a +0 battleaxe.
You closely miss the orc knight.
The orc knight is heavily wounded.
You slash the orc knight!
The orc knight is severely wounded.
The orc knight hits you with a +0 battleaxe!!
You hit the orc knight but do no damage.
The orc knight is severely wounded.
The orc knight hits you with a +0 battleaxe!!
* * * LOW HITPOINT WARNING * * *
You completely miss the orc knight.
The orc knight is severely wounded.
Things that are here:
a +0 war axe; a +0 ring mail; an orc corpse
Okay, then.
You hit the orc knight but do no damage.
The orc knight is severely wounded.
The orc knight hits you with a +0 battleaxe!
You die...

... ##'##
#...# #)))#
#.).#
######)######
#....≈.≈....#
#(###≈.≈###'#
#....≈@≈....#
#'###≈o≈###'#
#((..≈.≈...(#
#'###≈.≈###'#
#....≈.≈....#
#'###≈.≈###'#
#....≈)≈....#
#'###≈.≈###'#
#^...≈.≈...^#


You could see an orc knight.

Vanquished Creatures
  Pikel (D:4)
  Grinder (D:4)
  2 hippogriffs
  A spriggan (D:7)
  Eustachio (D:6)
  7 orc warriors
  3 ice beasts
  4 sky beasts
  A slave (D:3)
  A necrophage (D:7)
  An ogre (D:6)
  4 centaurs
  A crocodile (D:7)
  A big kobold (D:8)
  6 bullfrogs
  A wyvern zombie (D:8)
  3 scorpions
  3 killer bees (D:8)
  5 wights (D:7)
  3 howler monkeys (D:8)
  6 crimson imps
  2 centaur zombies (D:8)
  A quasit (D:8)
  A jelly (D:6)
  5 hounds
  6 orc priests
  A centaur skeleton (D:8)
  3 iguanas
  3 bullfrog skeletons
  Ijyb (D:3)
  2 worker ants
  6 orc wizards
  Terence (D:2)
  A killer bee zombie (D:8)
  3 hound skeletons
  7 gnolls
  A howler monkey zombie (D:5)
  8 adders
  3 shadow imps (D:6)
  2 oozes
  An adder skeleton (D:8)
  6 worms
  2 dart slugs
  9 leopard geckos
  31 orcs
  9 bats
  6 giant cockroaches
  13 goblins
  8 hobgoblins
  6 jackals (D:6)
  3 quokkas
  2 frilled lizards
  32 kobolds
  A leopard gecko zombie (D:7)
  7 rats
249 creatures vanquished.

Vanquished Creatures (others)
  6 plants (D:7)
6 creatures vanquished.

Grand Total: 255 creatures vanquished

Notes
Turn   | Place    | Note
-------+----------+-------------------------------------------
     0 | D:1      | sking99 the Hill Orc Monk began the quest for the Orb.
     0 | D:1      | Reached XP level 1. HP: 19/19 MP: 1/1
   221 | D:1      | Reached XP level 2. HP: 25/27 MP: 2/2
   706 | D:1      | Reached skill level 5 in Axes
   714 | D:1      | Reached XP level 3. HP: 27/33 MP: 3/3
  1196 | D:2      | Reached XP level 4. HP: 37/41 MP: 4/4
  1745 | D:2      | Reached skill level 6 in Axes
  2103 | D:3      | Reached XP level 5. HP: 39/47 MP: 5/5
  2214 | D:3      | Found a shattered altar of Ashenzari.
  2281 | D:3      | Noticed Ijyb
  2314 | D:3      | Killed Ijyb
  2314 | D:3      | Reached skill level 5 in Fighting
  2364 | D:3      | Found a faded altar of an unknown god.
  2369 | D:3      | Noticed Terence
  2637 | D:2      | Killed Terence
  2637 | D:2      | Reached skill level 7 in Axes
  3261 | D:4      | Noticed Grinder
  3318 | D:4      | Paralysed by Grinder for 6 turns
  3349 | D:4      | Paralysed by Grinder for 2 turns
  3368 | D:4      | Paralysed by Grinder for 6 turns
  3390 | D:3      | Reached XP level 6. HP: 21/56 MP: 6/6
  3778 | D:4      | Paralysed by Grinder for 5 turns
  3791 | D:4      | Paralysed by Grinder for 5 turns
  4104 | D:4      | Paralysed by Grinder for 3 turns
  4133 | D:4      | Paralysed by Grinder for 3 turns
  4144 | D:4      | Killed Grinder
  4144 | D:4      | Reached skill level 8 in Axes
  4144 | D:4      | Reached XP level 7. HP: 44/63 MP: 7/7
  4402 | D:4      | Noticed Pikel
  4742 | D:4      | Killed Pikel
  4742 | D:4      | Reached skill level 10 in Axes
  4742 | D:4      | Reached XP level 8. HP: 73/73 MP: 8/8
  4854 | D:4      | Found a shimmering blue altar of Sif Muna.
  5173 | D:4      | Reached skill level 11 in Axes
  5534 | D:5      | Entered Level 5 of the Dungeon
  5885 | D:5      | Found a staircase to the Ecumenical Temple.
  5897 | Temple   | Entered the Ecumenical Temple
  5945 | Temple   | Became a worshipper of Qazlal Stormbringer
  5945 | Temple   | Reached * piety under Qazlal
  5945 | Temple   | Reached ** piety under Qazlal
  6167 | D:5      | Reached skill level 1 in Invocations
  7017 | D:6      | Reached skill level 12 in Axes
  7017 | D:6      | Reached XP level 9. HP: 77/82 MP: 5/11
  7249 | D:6      | Found an ancient bone altar of Kikubaaqudgha.
  7285 | D:6      | Noticed Eustachio
  7310 | D:6      | Killed Eustachio
  7986 | D:6      | Found a hazy altar of Hepliaklqana.
  7989 | D:6      | Found a radiant altar of Vehumet.
  7991 | D:6      | Found a bloodstained altar of Trog.
  8374 | D:7      | Reached skill level 13 in Axes
  8410 | D:7      | Reached skill level 5 in Invocations
  9328 | D:7      | Noticed Grum
  9350 | D:7      | Reached XP level 10. HP: 38/92 MP: 14/14
  9587 | D:7      | Noticed EnegeticOcto's ghost (novice GnAE)
  9589 | D:7      | Found a transporter.
  9601 | D:7      | Found a transporter.
  9606 | D:7      | Identified the cursed +1 ring mail of Mumblety Peg {rN+}
  9673 | D:7      | Reached skill level 14 in Axes
 10243 | D:8      | Reached skill level 10 in Fighting
 10258 | D:8      | Found a basalt altar of Yredelemnul.
 10352 | D:8      | Reached *** piety under Qazlal
 11089 | D:8      | Found Hefrenn's Gadget Boutique.
 11394 | D:8      | Found a sparkling altar of Nemelex Xobeh.
 11634 | D:9      | Noticed a two-headed ogre
 11772 | D:9      | Found a flagged portal.
 11782 | Bailey   | Entered a bailey
 12112 | Bailey   | Noticed an orc knight
 12146 | Bailey   | Identified the +3 chain mail of Ejomirro {rPois SInv}
 12189 | Bailey   | Slain by an orc knight

Levels and vault maps discovered:
D:1:      grunt_arrival_lava_bath, layout_basic, palyth_stone_intersect
D:2:      layout_rooms, first_ration
D:3:      layout_rooms, lemuel_coloured_pillars_altar,
          chequers_ecumenical_altar_simple_redux, kennysheep_generic_room_12,
          uniq_terence, uniq_ijyb
D:4:      layout_rooms, tgw_sif, minmay_checkerbox, uniq_pikel, uniq_grinder
D:5:      layout_gridville, minmay_temple_entry_offerings
D:6:      layout_basic, grunt_temple_overflow_open, kiku_gazebo_garden_becter,
          uniq_eustachio
D:7:      layout_basic, gammafunk_ghost_gnarly_gnolls, the_bakery,
          nrook_mini_backslash
D:8:      layout_loops_corners, old_standard_altar,
          nemelex_xobeh_ov_fountains_minmay, serial_shops, kennysheep_little_box
D:9:      layout_small_grid, elyvilon_altar_4, erik_orc_2, enter_bailey_3,
          uniq_maurice, uniq_erolcha
Temple:   nicolae_temple_god_jail
Bailey:   bailey_axe_1, bailey

Skill      XL: |  1  2  3  4  5  6  7  8  9 10 |
---------------+-------------------------------+-----
Fighting       | 4 5 6 7 8 9 11 | 11.0
Axes           | 5 6 7 8 10 12 13 14 | 14.6
Invocations    | 2 6 8 |  8.6
Dodging        | |  2.4
Stealth        | |  1.5

Action                   |  1- 3 |  4- 6 |  7- 9 | 10-12 || total
-------------------------+-------+-------+-------+-------++-------
Melee: Hand axe          |    76 |   286 |   435 |       ||   797
       Unarmed           |       |     9 |       |       ||     9
       War axe           |       |       |    35 |   281 ||   316
Invok: Upheaval          |       |       |     6 |    14 ||    20
  Use: Scroll            |       |     6 |     9 |     6 ||    21
       Potion            |       |     2 |       |     2 ||     4
 Stab: Sleeping          |     1 |       |       |       ||     1
       Confused          |       |     2 |       |       ||     2
  Eat: Chunk             |     1 |     8 |    11 |     5 ||    25
       Ration            |       |       |     2 |     1 ||     3
Armor: Robe              |    13 |       |       |       ||    13
       Ring mail         |     1 |     3 |       |       ||     4
       Chain mail        |       |    37 |       |       ||    37
       Plate armour      |       |   131 |   210 |   244 ||   585
       Skin              |       |    14 |     6 |       ||    20
Dodge: Dodged            |    71 |    69 |    75 |   102 ||   317
Block: Other             |       |       |    32 |    54 ||    86
